 Dungeon Crawl Stone Soup version 0.23.2-1-ga50397a (webtiles) character file.

Game seed: 4494737009872963826

448 Kahibar the Ogre Mage (level 7, -3/67 HPs)
             Began as an Ogre Arcane Marksman on May 20, 2019.
             Slain by an orc (4 damage)
             ... on level 3 of the Dungeon.
             The game lasted 00:47:26 (5786 turns).

Kahibar the Ogre Mage (Ogre Arcane Marksman)        Turns: 5786, Time: 00:47:27

Health: -3/67      AC:  4    Str: 15    XL:     7   Next: 4%
Magic:  10/14      EV: 10    Int: 16    God:
Gold:   106        SH:  0    Dex:  9    Spells: 12/15 levels left

rFire    + . .     SeeInvis .   l - +3 hand axe (chop)
rCold    . . .     Gourm    .   (no shield)
rNeg     . . .     Faith    +   I - +1 robe
rPois    .         Spirit   .   (helmet restricted)
rElec    .         Reflect  .   x - scarf {repulsion}
rCorr    .         Harm     .   (gloves unavailable)
MR       .....                  (boots unavailable)
Stlth    +.........             J - amulet of faith
HPRegen  0.21/turn              j - ring of protection from fire
MPRegen  0.14/turn              (no ring)

@: repel missiles
A: large, unfitting armour, tough skin 1
a: no special abilities


You were on level 3 of the Dungeon.
You were not hungry.

You visited 1 branch of the dungeon, and saw 4 of its levels.

You collected 106 gold pieces.

Inventory:

Hand Weapons
 a - a +3 hunting sling
 b - a +0 quarterstaff
 k - a +0 hand axe
 l - a +3 hand axe of chopping (weapon)
 B - a +0 trident
 C - a +1 scythe of slicing
Missiles
 c - 4 large rocks (quivered)
 d - 2 throwing nets
 h - 14 stones
 i - 37 bolts
 n - 34 arrows
 y - 14 poisoned needles
Armour
 e - a scarf of spirit shield
 x - a scarf of repulsion (worn)
 I - a +1 robe (worn)
Jewellery
 j - a ring of protection from fire (left hand)
 J - an amulet of faith (around neck)
Scrolls
 g - 3 scrolls of blinking
 o - 3 scrolls of enchant armour
 p - a scroll of fog
 u - a scroll of teleportation
 w - a scroll of magic mapping
 G - a scroll of remove curse
Potions
 m - a potion of haste {unknown}
 q - 2 potions of heal wounds
 s - a potion of agility {unknown}
 t - a potion of mutation {unknown}
 v - a potion of might {unknown}
 z - a potion of invisibility {unknown}
 D - a potion of brilliance {unknown}
 E - a potion of resistance {unknown}
Comestibles
 f - 5 rations
 r - 3 chunks of flesh


   Skills:
 + Level 3.0 Fighting
   Level 2.4 Short Blades
 + Level 0.2 Axes
 + Level 0.8 Staves
 + Level 2.3 Throwing
 + Level 2.5 Dodging
 + Level 0.5 Stealth
 * Level 4.6 Spellcasting
 + Level 3.8 Hexes


You had 12 spell levels left.
You knew the following spells:

 Your Spells              Type           Power        Failure   Level  Hunger
a - Corona                Hex            ###....      3%          1    None
b - Slow                  Hex            ###.....     4%          2    ##.....

Your spell library contained the following spells:

 Spells                   Type           Power        Failure   Level  Hunger
 Inner Flame              Hex/Fire       #.......     22%         3    ###....
 Portal Projectile        Hex/Tloc       #.....       22%         3    ###....
 Cause Fear               Hex            ###.......   32%         4    ####...
 Leda's Liquefaction      Hex/Erth       #.........   58%         4    ####...


Dungeon Overview and Level Annotations

Branches:
Dungeon (4/15)
 Temple: D:4-7

Altars:

Annotations:
D:3 1 runed translucent door, redwoodhats's ghost, amateur TeBe


Innate Abilities, Weirdness & Mutations

You are too large for most types of armour.
You have tough skin. (AC +1)


Message History

You hit the ogre.
The ogre is lightly wounded.
You barely miss the orc. The orc hits you but does no damage.
The ogre hits you with a cursed -2 giant club!
You hit the ogre.
The ogre is lightly wounded.
You completely miss the orc. The orc hits you.
You hit the ogre.
The ogre is heavily wounded.
You hit the orc. The orc hits you but does no damage.
The ogre closely misses you. The orc hits you but does no damage.
You slash the ogre!
The ogre is almost dead.
You hit the orc.
The ogre stops glowing.
The orc barely misses you.
The ogre hits you with a cursed -2 giant club!!
* * * LOW HITPOINT WARNING * * *
You barely miss the ogre.
The ogre is almost dead.
You hit the orc but do no damage. The orc hits you.
You die...

#.......#.#.##..#.###.#........
###................)..#.#########
......##..#.#..#.##.#.#.#
......##............#.#.#
......##....#.........#.#
......##....#.....<####.#
......'.....#....#.# #.#
......###...#..)O#.# #.# ......#
#...###.@#.# #.# ......#
#......)o#.# #.####### ......#
#......#.#.####.#.....# #######
#...##.#.#......#.###.###
#...##.#.########.# #....
#...##.#.########.# #####
#...##.#..........# #
#.........######### #
#..###........# #


You could see an ogre and an orc.

Vanquished Creatures
  Sigmund (D:3)
  2 orc priests (D:4)
  Jessica (D:2)
  A worker ant (D:4)
  2 orc wizards (D:3)
  3 adders
  3 oozes
  3 worms (D:2)
  3 leopard geckos
  7 orcs
  14 giant cockroaches
  6 goblins
  4 hobgoblins
  8 jackals
  7 kobolds
  A quokka (D:3)
  3 ball pythons
  5 bats
  4 frilled lizards
  A leopard gecko skeleton (D:2)
  7 rats (D:1)
86 creatures vanquished.

Notes
Turn   | Place    | Note
-------+----------+-------------------------------------------
     0 | D:1      | Kahibar the Ogre Arcane Marksman began the quest for the
                  | Orb.
     0 | D:1      | Reached XP level 1. HP: 19/19 MP: 2/2
   126 | D:1      | Reached XP level 2. HP: 14/27 MP: 0/3
   677 | D:1      | Learned a level 2 spell: Slow
  1237 | D:1      | Reached XP level 3. HP: 33/35 MP: 1/5
  1983 | D:2      | Reached skill level 1 in Short Blades
  1983 | D:2      | Reached skill level 2 in Spellcasting
  2164 | D:2      | Reached XP level 4. HP: 38/42 MP: 5/7
  3083 | D:2      | Noticed Jessica
  3095 | D:2      | Killed Jessica
  3095 | D:2      | Reached XP level 5. HP: 30/50 MP: 5/9
  3429 | D:3      | Found a runed translucent door.
  3434 | D:3      | Noticed Sigmund
  3447 | D:3      | Noticed redwoodhats's ghost (amateur TeBe)
  3488 | D:3      | Killed Sigmund
  3488 | D:3      | Reached skill level 3 in Spellcasting
  3488 | D:3      | Reached XP level 6. HP: 10/59 MP: 9/11
  3980 | D:3      | Reached skill level 4 in Spellcasting
  5644 | D:4      | Reached XP level 7. HP: 43/67 MP: 5/14
  5785 | D:3      | HP: 1/67 [ogre/cursed -2 giant club (22)]
  5786 | D:3      | Slain by an orc

Skill      XL: |  1  2  3  4  5  6 |
---------------+-------------------+-----
Dodging        | 2 |  2.5
Hexes          | 3 |  3.8
Fighting       | 2 3 |  3.0
Short Blades   | 1 2 |  2.4
Spellcasting   | 2 3 4 |  4.6
Axes           | |  0.2
Staves         | |  0.8
Throwing       | |  2.3
Stealth        | |  0.5

Action                   |  1- 3 |  4- 6 |  7- 9 || total
-------------------------+-------+-------+-------++-------
Melee: Unarmed           |     7 |       |       ||     7
       Short sword       |   113 |   179 |       ||   292
       Hand axe          |       |    43 |     7 ||    50
       Quarterstaff      |       |    11 |       ||    11
Throw: Large rock        |     7 |     8 |       ||    15
       Throwing net      |       |     1 |       ||     1
 Cast: Corona            |    37 |    51 |     2 ||    90
       Slow              |     1 |     9 |     2 ||    12
  Use: Scroll            |       |     6 |       ||     6
       Potion            |       |     1 |       ||     1
  Eat: Chunk             |     5 |     5 |     1 ||    11
       Ration            |       |     2 |       ||     2
Armor: Robe              |    47 |    79 |     4 ||   130
Dodge: Dodged            |    86 |   147 |     6 ||   239
